 Dungeon Crawl Stone Soup version 0.29-a0-270-g1586fc07ea (webtiles) character file.

Game seed: 14821084735630856791

2465 Crownlay the Thaumaturge (level 9, -4/45 HPs)
             Began as a Gargoyle Earth Elementalist on Mar 7, 2022.
             Was a Believer of Vehumet.
             Slain by an orc warrior
             ... wielding a +0 trident
              (12 damage)
             ... on level 7 of the Dungeon.
             The game lasted 00:15:22 (9251 turns).

Crownlay the Thaumaturge (GrEE)                     Turns: 9251, Time: 00:15:22

Health: -4/45      AC: 10    Str: 19    XL:     9   Next: 50%
Magic:  12/22      EV: 11    Int: 19    God:    Vehumet [**....]
Gold:   475        SH:  0    Dex: 10    Spells: 21/27 levels left

rFire   . . .      SeeInvis .   v - +8 mace of Subterfuge {flame, Fragile Str+6}
rCold   . . .      Faith    .   (no shield)
rNeg    + + .      Spirit   .   q - +1 robe {rN+}
rPois   ∞          Reflect  .   (no helmet)
rElec   +          Harm     .   e - +0 cloak
rCorr   .          Rampage  .   (no gloves)
Will    .....                   (no boots)
Stlth   ++........              h - amulet of magic regeneration
HPRegen 0.15/turn               m - ring of flight
MPRegen 0.58/turn               (no ring)

@: flying
A: sickness immunity, AC +6, negative energy resistance 1, electricity
resistance, torment resistance 1, petrification resistance
a: Renounce Religion


You were on level 7 of the Dungeon.
You worshipped Vehumet.
Vehumet was pleased with you.
You visited 2 branches of the dungeon, and saw 8 of its levels.
You also visited: Ossuary.

You collected 475 gold pieces.

Inventory:

Hand Weapons
 r - a +5 flail of holy wrath
 v - the +8 mace of Subterfuge (weapon) {flame, Fragile Str+6}
   (You found it on level 4 of the Dungeon)

   It burns those it strikes, dealing additional fire damage.
   Str:       It affects your strength (+6).
   Fragile:   It will be destroyed if unequipped.
 y - a +2 vampiric trident
Missiles
 a - 25 stones
Armour
 e - a +0 cloak (worn)
 q - a +1 robe of positive energy (worn)
Jewellery
 h - an amulet of magic regeneration (around neck)
 m - a ring of flight (left hand)
 t - an amulet of reflection
Wands
 b - a wand of paralysis (3)
 u - a wand of polymorph (11)
Scrolls
 d - a scroll of noise {unknown}
 g - 3 scrolls of enchant armour
 j - 3 scrolls of brand weapon
 l - a scroll of teleportation {unknown}
 n - a scroll of summoning {unknown}
 o - a scroll of immolation {unknown}
 s - 2 scrolls of enchant weapon
 C - a scroll of amnesia {unknown}
Potions
 c - 2 potions of magic
 f - a potion of curing
 i - 3 potions of mutation {unknown}
 k - 2 potions of ambrosia {unknown}
 p - a potion of degeneration {unknown}
 w - a potion of might {unknown}
 z - 3 potions of brilliance {unknown}
 A - 2 potions of haste {unknown}


   Skills:
 - Level 1.5 Dodging
 - Level 2.1 Stealth
 * Level 9.6 Spellcasting
 - Level 0.7 Transmutations
 + Level 9.4 Earth Magic


You had 21 spell levels left.
You knew the following spells:

 Your Spells              Type           Power      Damage    Failure   Level
a - Sandblast             Erth           90%        2d19      1%          1
b - Stone Arrow           Conj/Erth      54%        3d10      3%          3
c - Passwall              Tmut/Erth      23%        N/A       1%          2

Your spell library contained the following spells:

 Spells                   Type           Power      Damage    Failure   Level
 Poisonous Vapours        Pois/Air       18%        N/A       12%         2
 Beastly Appendage        Tmut           22%        N/A       6%          1
 Animate Skeleton         Necr           18%        N/A       8%          1
 Pain                     Necr           36%        1d5       8%          1
 Wereblood                Tmut           11%        N/A       9%          2
 Petrify                  Tmut/Erth      28%        N/A       10%         4
 Leda's Liquefaction      Hex/Erth       13%        N/A       11%         4
 Call Canine Familiar     Summ           9%         N/A       22%         3
 Portal Projectile        Hex/Tloc       18%        N/A       22%         3
 Vampiric Draining        Necr           9%         2d6       22%         3
 Dispersal                Tloc           4%         N/A       100%        6
 Summon Hydra             Summ           4%         N/A       100%        7
 Disjunction              Tloc           4%         N/A       100%        8
 Sublimation of Blood     Necr           Unusable   N/A       N/A         2

Dungeon Overview and Level Annotations

Branches:
Dungeon (7/15)             Temple (1/1) D:4         Ossuary (visited)

Altars:
Ashenzari
Cheibriados
Dithmenos
Elyvilon
Fedhas
Hepliaklqana
Kikubaaqudgha
Makhleb
Okawaru
Ru
Sif Muna
Trog
Uskayaw
Vehumet
Xom
The Shining One

Shops:
D:4 ==


Innate Abilities, Weirdness & Mutations

You are immune to sickness and miasma.
Your stone body is resilient. (AC +6)
You are immune to poison.
You resist negative energy. (rN+)
You are resistant to electric shocks. (rElec)
You are resistant to unholy torment.
You are immune to petrification.


Message History

Vehumet accepts your kill.
The stone arrow hits the orc wizard!
You kill the orc wizard!
Vehumet accepts your kill.
The stone arrow hits the orc!!
You kill the orc!
Vehumet accepts your kill.
You feel your power returning.
Your magical contamination has completely faded away.
There is an open door here.
There is a stone staircase leading up here.
You reach down and open the door.
There is an open door here.
There is an open door here.
An orc comes into view. It is wielding a +0 hand axe.
An orc warrior comes into view. It is wielding a +0 trident.
The orc warrior shouts!
You hear an angry hiss.
An orc priest comes into view. It is wielding a +0 club.
You hear the faint creaking of a portcullis very nearby.
There is a stone staircase leading up here.
The stone arrow hits the orc warrior!
The orc warrior is moderately wounded.
The stone arrow hits the orc warrior!!
The orc warrior is almost dead.
The orc priest calls upon Beogh to heal the orc warrior.
The orc warrior is healed somewhat.
The blast of sand misses the orc warrior.
The orc warrior hits you from afar with a +0 trident!
The stone arrow hits the orc warrior.
The orc warrior is almost dead.
The orc warrior hits you from afar with a +0 trident!
The orc priest calls upon Beogh to heal the orc warrior.
The orc warrior is healed somewhat.
The stone arrow misses the orc warrior.
The orc warrior hits you from afar with a +0 trident!
The orc priest invokes the aid of Beogh against you.
Beogh smites you!
* * * LOW HITPOINT WARNING * * *
The orc warrior hits you from afar with a +0 trident!
You die...

..........#
..........#
..........#
.........o#
#.....o##
####....# #..o.#
#....# ##..@.#
#..#'######.##
##..#.....))..+
##...#....)#...#
##....#.....#
..#
#.....#..#### ##
###'#######
#.....# #.....#


You could see an orc warrior, an orc priest and an orc.

Vanquished Creatures
  Sigmund (D:3)
  A water moccasin (D:5)
  A black bear (D:4)
  A sky beast (D:6)
  2 ogres
  A phantom (D:5)
  A bullfrog (D:6)
  4 water moccasin zombies (Ossuary)
  3 scorpions
  7 wights (D:6)
  The ghost of WhatIsLove the Skirmisher, a weakling DsMo of Kikubaaqudgha (D:5)
  A howler monkey (D:6)
  3 jellies
  A hound (D:5)
  Crazy Yiuf (D:4)
  A gnoll shaman (D:5)
  An orc priest (D:6)
  Natasha (thrice) (D:4)
  Terence (D:3)
  3 iguanas
  5 orc wizards
  2 mummies (Ossuary)
  11 gnolls
  9 adders
  A shadow imp (D:6)
  4 adder zombies (Ossuary)
  A worm (D:2)
  2 dart slugs
  17 orcs
  5 ball pythons
  7 bats
  5 endoplasms
  4 giant cockroaches
  2 gnoll zombies (Ossuary)
  6 goblins
  10 hobgoblins
  4 jackals (D:2)
  6 kobolds
  7 quokkas
  3 frilled lizards (D:2)
  A hobgoblin zombie (Ossuary)
  5 kobold zombies (Ossuary)
  10 orc zombies (Ossuary)
  4 rats
169 creatures vanquished.

Vanquished Creatures (others)
  2 fungi (D:4)
2 creatures vanquished.

Grand Total: 171 creatures vanquished

Notes
Turn   | Place    | Note
-------+----------+-------------------------------------------
     0 | D:1      | Crownlay the Gargoyle Earth Elementalist began the quest
                  | for the Orb.
     0 | D:1      | Reached XP level 1. HP: 10/10 MP: 3/3
   329 | D:1      | Reached XP level 2. HP: 15/15 MP: 0/5
   390 | D:1      | Found a faded altar of an unknown god.
   404 | D:1      | Got Plato's Handbook of Shape Shifting
  1767 | D:2      | Reached XP level 3. HP: 19/19 MP: 5/7
  1865 | D:2      | Learned a level 3 spell: Stone Arrow
  1871 | D:2      | Learned a level 2 spell: Passwall
  2941 | D:2      | Found a sacrificial altar of Ru.
  3361 | D:2      | Reached XP level 4. HP: 13/24 MP: 7/9
  3664 | D:3      | Noticed Terence
  3972 | D:3      | Noticed a scorpion
  3979 | D:3      | Killed a scorpion
  3980 | D:3      | Reached XP level 5. HP: 23/28 MP: 6/11
  4064 | D:3      | Noticed Sigmund
  4070 | D:3      | Killed Sigmund
  4071 | D:3      | Reached skill level 5 in Spellcasting
  4071 | D:3      | Reached skill level 5 in Earth Magic
  4071 | D:3      | Reached XP level 6. HP: 22/32 MP: 8/13
  4304 | D:3      | Killed Terence
  4937 | D:4      | Found Rucutz's Jewellery Emporium.
  4953 | D:4      | Noticed Natasha
  4962 | D:4      | Killed Natasha
  5079 | D:4      | Noticed Natasha
  5080 | D:4      | Killed Natasha
  5262 | D:4      | Found a staircase to the Ecumenical Temple.
  5270 | D:4      | Reached XP level 7. HP: 36/36 MP: 11/15
  5274 | Temple   | Entered the Ecumenical Temple
  5311 | Temple   | Became a worshipper of Vehumet
  5360 | D:4      | Noticed Natasha
  5369 | D:4      | Killed Natasha
  5461 | D:4      | Found a bloodstained altar of Trog.
  5463 | D:4      | Found a shimmering altar of Xom.
  5698 | D:4      | Found a glowing golden altar of the Shining One.
  5733 | D:4      | You are sucked into a shaft and drop 2 floors!
  5952 | D:6      | Reached XP level 8. HP: 41/41 MP: 11/18
  6067 | D:5      | Entered Level 5 of the Dungeon
  6215 | D:5      | Reached * piety under Vehumet
  6215 | D:5      | Offered knowledge of Shock by Vehumet.
  6230 | D:5      | Found a sand-covered staircase.
  6242 | Ossuary  | Entered an ossuary
  7309 | D:5      | Found a large runed translucent door.
  7309 | D:5      | Found a large runed translucent door.
  7311 | D:5      | Noticed WhatIsLove's ghost (weakling DsMo)
  7681 | D:5      | Killed WhatIsLove's ghost
  7682 | D:5      | Reached XP level 9. HP: 45/45 MP: 11/21
  7773 | D:4      | Found a burning altar of Makhleb.
  7856 | D:4      | Reached ** piety under Vehumet
  7856 | D:4      | Offered knowledge of Scorch by Vehumet.
  7905 | D:4      | Found a white marble altar of Elyvilon.
  7946 | D:4      | Found Qazoerou's Jewellery Boutique.
  8152 | D:4      | Found a runed translucent door.
  8163 | D:4      | Noticed Crazy Yiuf
  8169 | D:4      | Killed Crazy Yiuf
  8180 | D:4      | Identified the +8 mace of Subterfuge {flame, Fragile Str+6}
  8928 | D:6      | Offered knowledge of Poisonous Vapours by Vehumet.
  9251 | D:7      | Slain by an orc warrior

Illustrated notes

Levels and vault maps discovered:
D:1:      amcnicky_arrival_blooded_trapdoor, layout_loops_corners,
          shapermc_ecumenical_altar_rom_forum
D:2:      layout_basic, basic_altar
D:3:      layout_basic, fountainhead, uniq_sigmund, uniq_terence
D:4:      layout_loops_ring, mainiacjoe_overflow_tiny_flanked, elyvilon_altar_4,
          mainiacjoe_overflow_brackets, jmf_multi_god_temple,
          minmay_temple_entry_arrows, serial_shops, nicolae_square_shop, shop,
          uniq_crazy_yiuf_cottage, uniq_natasha
D:5:      layout_basic, gup_sewer_entry_bowl, nicolae_ossuary_entry_monument,
          ebering_ghost_disaster_area
D:6:      layout_basic
D:7:      hellmonk_destroyed_diamonds, layout_gridville, lemuel_round_altar,
          nemelex_diamond_rough_becter, enter_bailey_6
Temple:   eino_wide_crystal_templ

Skill      XL: |  1  2  3  4  5  6  7  8  9 |
---------------+----------------------------+-----
Earth Magic    | 4 5 6 7 8 9 |  9.4
Spellcasting   | 3 4 5 6 8 9 |  9.6
Dodging        | |  1.5
Stealth        | |  2.1
Transmutations | |  0.7

Action                   |  1- 3 |  4- 6 |  7- 9 || total
-------------------------+-------+-------+-------++-------
Melee: Unarmed           |     9 |       |       ||     9
       Short sword       |   141 |    22 |       ||   163
       Punch             |     1 |     1 |     1 ||     3
       Flail             |       |    27 |    57 ||    84
       Mace              |       |       |    11 ||    11
 Cast: Sandblast         |    22 |    45 |    56 ||   123
       Stone Arrow       |       |     4 |    98 ||   102
  Use: Scroll            |       |       |     6 ||     6
 Stab: Sleeping          |     3 |     1 |     3 ||     7
Armor: Robe              |    62 |    40 |    35 ||   137
Dodge: Dodged            |   118 |    54 |    69 ||   241
Block: Other             |       |       |    14 ||    14

Table legend: (Time is in decaauts)
 A = Elapsed time spent in this place.
 B = Non-inter-level travel time spent in this place.
 C = Inter-level travel time spent in this place.
 D = Time resting spent in this place.
 E = Time spent auto-exploring this place.
 F = Levels seen in this place.
 G = Mean time per level.
                   A        B        C        D        E       F      G
               +--------+--------+--------+--------+--------+-----+--------+
         Total |   9306 |   9045 |    261 |    308 |   7343 |   9 | 1034.0 |
       Dungeon |   8202 |   7958 |    244 |     70 |   6608 |   7 | 1171.7 |
        Temple |     54 |     37 |     17 |      0 |     27 |   1 |   54.0 |
       Ossuary |   1049 |   1049 |      0 |    238 |    708 |   1 | 1049.0 |
               +--------+--------+--------+--------+--------+-----+--------+

Top non-repeatable levels by time:
     D:2: 2066 daAuts
     D:1: 1762 daAuts
     D:4: 1342 daAuts
     D:6: 1191 daAuts
     D:3: 1091 daAuts
 Ossuary: 1049 daAuts
     D:5: 688 daAuts
     D:7: 59 daAuts
  Temple: 54 daAuts
